 Dungeon Crawl Stone Soup version 0.30-a0-571-gdf30a72648 (webtiles) character file.

Game seed: 4018479381277133468

350 cforsyth the Conjurer (level 6, 0/45 HPs)
             Began as a Draconian Conjurer on Dec 29, 2022.
             Slain by a mummy (12 damage)
             ... in an ossuary.
             The game lasted 00:06:35 (4284 turns).

cforsyth the Conjurer (Draconian Conjurer)          Turns: 4284, Time: 00:06:35

Health: 0/45       AC:  6    Str:  9    XL:     6   Next: 33%
Magic:  8/12       EV: 12    Int: 20    God:
Gold:   151        SH:  0    Dex: 10    Spells: 13/14 levels left

rFire   . . .      SeeInvis .    (no weapon)
rCold   . . .      Faith    .    (no shield)
rNeg    . . .      Spirit   .    (body armour unavailable)
rPois   .          Reflect  .    (helmet restricted)
rElec   .          Harm     .    (no cloak)
rCorr   .          Rampage  .    (no gloves)
Will    .....                    (no boots)
Stlth   ++                       n - amulet of magic regeneration
HPRegen 0.27/turn                (no ring)
MPRegen 0.53/turn                (no ring)

@: no status effects
A: AC +6, unfitting armour, cold-blooded
a: no special abilities


You were in an ossuary.
You visited 1 branch of the dungeon, and saw 4 of its levels.
You also visited: Ossuary.

You collected 151 gold pieces.

Inventory:

Jewellery
 n - an amulet of magic regeneration (around neck)
Wands
 o - a wand of paralysis (2)
Scrolls
 d - 5 scrolls of identify {unknown}
 f - a scroll of blinking {unknown}
 g - 3 scrolls of poison {unknown}
 i - 2 scrolls of noise {unknown}
 p - a scroll of magic mapping {unknown}
Potions
 b - a potion of ambrosia {unknown}
 c - a potion of brilliance {unknown}
 e - a potion of curing {unknown}
 h - a potion of lignification {unknown}
 j - a potion of haste {unknown}
 k - 3 potions of resistance
 l - a potion of degeneration {unknown}
 m - a potion of attraction {unknown}


   Skills:
 - Level 2.0 Dodging
 - Level 2.0 Stealth
 + Level 4.5 Spellcasting
 + Level 6.0 Conjurations


You had 13 spell levels left.
You knew the following spells:

 Your Spells              Type           Power      Damage    Failure   Level
a - Magic Dart            Conj           100%       1d8       1%          1

Your spell library contained the following spells:

 Spells                   Type           Power      Damage    Failure   Level
 Searing Ray              Conj           56%        2d6       1%          2
 Dazzling Flash           Conj/Hex       32%        N/A       11%         3
 Slow                     Hex            16%        N/A       12%         1
 Mephitic Cloud           Conj/Pois/Air  12%        N/A       16%         3
 Blink                    Tloc           8%         N/A       19%         2
 Call Imp                 Summ           4%         N/A       19%         2
 Cigotuvi's Dreadful Rot  Necr/Pois/Air  8%         N/A       19%         2
 Ensorcelled Hibernation  Hex/Ice        8%         N/A       19%         2
 Passwall                 Tmut/Erth      3%         N/A       19%         2
 Poisonous Vapours        Pois/Air       8%         N/A       19%         2
 Fulminant Prism          Conj/Hex       8%         3d7       34%         4
 Iskenderun's Mystic Bla  Conj/Tloc      16%        2d5       34%         4
 Confusing Touch          Hex            4%         N/A       36%         3
 Spider Form              Tmut/Pois      4%         N/A       36%         3
 Swiftness                Air            4%         N/A       36%         3
 Vampiric Draining        Necr           4%         2d6       36%         3
 Anguish                  Hex/Necr       2%         N/A       77%         4
 Manifold Assault         Tloc           4%         N/A       77%         4
 Agony                    Necr           4%         N/A       98%         5
 Silence                  Hex/Air        2%         N/A       98%         5
 Storm Form               Tmut/Air       2%         N/A       100%        7


Dungeon Overview and Level Annotations

Branches:
Dungeon (4/15)            Ossuary (1/1)
 Temple: D:4-7

Altars:
Nemelex Xobeh


Innate Abilities, Weirdness & Mutations

Your plain brown scales are hard. (AC +6)
You cannot fit into any form of body armour.
You are cold-blooded and may be slowed by cold attacks.


Message History

The mummy misses you.
Casting: Magic Dart (safe; 1% risk of failure)
Confirm with . or Enter, or press ? or * to list all spells.
Aiming: Magic Dart (safe; 1% risk of failure)
Press: ? - help, Shift-Dir - straight line, f/p - mummy
Aim: a mummy (lightly damaged, 100% to hit)
The magic dart hits the mummy.
The mummy is lightly damaged.
Casting: Magic Dart (safe; 1% risk of failure)
Confirm with . or Enter, or press ? or * to list all spells.
You don't know that spell.
The magic dart hits the mummy.
The mummy is lightly damaged.
The mummy hits you but does no damage.
The magic dart hits the mummy.
The mummy is heavily damaged.
You feel a little less mighty now. The mummy hits you!
* * * LOW HITPOINT WARNING * * *
You are too injured to fight recklessly!
You are too injured to fight recklessly!
You are too injured to fight recklessly!
You are too injured to fight recklessly!
Casting: Magic Dart (safe; 1% risk of failure)
Confirm with . or Enter, or press ? or * to list all spells.
Aiming: Magic Dart (safe; 1% risk of failure)
Press: ? - help, Shift-Dir - straight line, f/p - mummy
Aim: a mummy (heavily damaged, 100% to hit)
The magic dart hits the mummy but does no damage.
The mummy is heavily damaged.
Casting: Magic Dart (safe; 1% risk of failure)
Confirm with . or Enter, or press ? or * to list all spells.
Aiming: Magic Dart (safe; 1% risk of failure)
Press: ? - help, Shift-Dir - straight line, f/p - mummy
Aim: a mummy (heavily damaged, 100% to hit)
The magic dart hits the mummy.
The mummy is heavily damaged.
Your resistance to elements expires.
The mummy hits you!
You die...

#...# #..... #...#
#...# #...... #...#
#...# #.∩.....#...#
#...# ....+####...#
#...# #...# #...#
#...#
#...##############...#
#....................#
#.........∩∩@M.......#
######################


You could see a mummy.

Vanquished Creatures
  An elf zombie (Ossuary)
  2 human zombies (Ossuary)
  Jessica (D:2)
  5 adders
  4 gnolls
  2 adder zombies (Ossuary)
  5 dart slugs
  6 bats
  3 endoplasms
  4 giant cockroaches
  5 goblins
  7 hobgoblins
  7 jackals
  6 quokkas
  4 ball pythons
  3 frilled lizards
  A goblin zombie (Ossuary)
  7 hobgoblin zombies (Ossuary)
  2 jackal zombies (Ossuary)
  8 kobolds
  6 kobold zombies (Ossuary)
  7 orc zombies (Ossuary)
  11 rats
  A rat zombie (Ossuary)
108 creatures vanquished.

Vanquished Creatures (others)
  9 plants (D:2)
9 creatures vanquished.

Grand Total: 117 creatures vanquished

Notes
Turn   | Place    | Note
-------+----------+-------------------------------------------
     0 | D:1      | cforsyth the Draconian Conjurer began the quest for the
                  | Orb.
     0 | D:1      | Reached XP level 1. HP: 14/14 MP: 3/3
   330 | D:1      | Reached XP level 2. HP: 20/20 MP: 0/5
  1405 | D:2      | Reached XP level 3. HP: 26/26 MP: 4/6
  1799 | D:2      | Reached XP level 4. HP: 33/33 MP: 3/8
  2388 | D:2      | Reached skill level 5 in Conjurations
  2627 | D:2      | Noticed Jessica
  2630 | D:2      | Killed Jessica
  2826 | D:3      | Reached XP level 5. HP: 38/38 MP: 6/10
  3075 | D:3      | Found a sparkling altar of Nemelex Xobeh.
  3993 | D:4      | Found a sand-covered staircase.
  4002 | Ossuary  | Entered an ossuary
  4223 | Ossuary  | Reached XP level 6. HP: 20/45 MP: 12/12
  4273 | Ossuary  | Reached skill level 6 in Conjurations
  4284 | Ossuary  | Slain by a mummy

Illustrated notes

Levels and vault maps discovered:
D:1:      dpeg_arrival_pits, layout_loops_corners, minmay_indecisive_spiral
D:2:      layout_loops_ring, serial_bayou_ford_a, grunt_decor_fettered,
          uniq_jessica
D:3:      layout_loops_cross, nemelex_spade_bored_becter, hangedman_decor_push
D:4:      kennysheep_slugbush, layout_gridville, enter_ossuary_3,
          minmay_misc_feat_more_columns, hangedman_decor_diamond_cutter
Ossuary:  ossuary_tomb_1

Skill      XL: |  1  2  3  4  5  6 |
---------------+-------------------+-----
Dodging        | 2 |  2.0
Stealth        | 2 |  2.0
Spellcasting   | 3 4 |  4.5
Conjurations   | 5 6 |  6.0

Action                   |  1- 3 |  4- 6 || total
-------------------------+-------+-------++-------
Melee: Unarmed           |    23 |    31 ||    54
       Tailslap          |     3 |     5 ||     8
 Cast: Magic Dart        |    72 |   199 ||   271
  Use: Potion            |       |     4 ||     4
Armor: Skin              |     9 |    52 ||    61
Dodge: Dodged            |    16 |    67 ||    83

Table legend: (Time is in decaauts)
 A = Elapsed time spent in this place.
 B = Non-inter-level travel time spent in this place.
 C = Inter-level travel time spent in this place.
 D = Time resting spent in this place.
 E = Time spent auto-exploring this place.
 F = Levels seen in this place.
 G = Mean time per level.
                   A        B        C        D        E       F      G
               +--------+--------+--------+--------+--------+-----+--------+
         Total |   4289 |   4204 |     85 |    305 |   3125 |   5 |  857.8 |
       Dungeon |   4007 |   3922 |     85 |    300 |   3028 |   4 | 1001.8 |
       Ossuary |    281 |    281 |      0 |      5 |     97 |   1 |  281.0 |
               +--------+--------+--------+--------+--------+-----+--------+

Top non-repeatable levels by time:
     D:1: 1503 daAuts
     D:2: 1289 daAuts
     D:3: 1022 daAuts
 Ossuary: 281 daAuts
     D:4: 192 daAuts
